| TOP OF THE 1ST |
|
Tri-City Dust Devils batting - Pitching for State College Spikes : LHP John Fisher
|
|
Pitching: LHP John Fisher
|
|
|
Batting: SHB Yutaro Takahashi
|
0-0: Called Strike 0-1: Foul Ball, location: 2F 0-2: Hit by Pitch
|
|
Batting: LHB Sammy Roddenberry
|
0-0: Ball 1-0: Ball 2-0: Called Strike Yutaro Takahashi steals 2nd base 2-1: Ball 3-1: Foul Ball, location: 2F 3-2: Strikes out swinging
|
|
Batting: RHB Antonio Lara
|
0-0: Called Strike 0-1: Ball 1-1: Foul Ball, location: 2F 1-2: Strikes out swinging
|
|
Batting: RHB Tom Tate
|
0-0: Ball 1-0: Swinging Strike 1-1: Ball 2-1: Swinging Strike 2-2: Strikes out looking
|
| Top of the 1st over - 0 runs, 0 hits, 0 errors, 1 left on base; Tri-City 0 - State College 0 |
| BOTTOM OF THE 1ST |
|
State College Spikes batting - Pitching for Tri-City Dust Devils : LHP Juan Lopez
|
|
Pitching: LHP Juan Lopez
|
|
|
Batting: RHB Mario Mendoza
|
0-0: Ball 1-0: Ground out 4-3 (Groundball, 4, EV 95.0 MPH)
|
|
Batting: RHB Tim Cleary
|
0-0: Ground out 4-3 (Groundball, 4, EV 83.8 MPH)
|
|
Batting: RHB Josh Broome
|
0-0: Called Strike 0-1: Ball 1-1: Ball 2-1: Ball 3-1: Fly out, F8 (Flyball, 89D, EV 96.9 MPH)
|
| Bottom of the 1st over - 0 runs, 0 hits, 0 errors, 0 left on base; Tri-City 0 - State College 0 |
| TOP OF THE 2ND |
|
Tri-City Dust Devils batting - Pitching for State College Spikes : LHP John Fisher
|
|
Batting: RHB Jaden Scott
|
0-0: Called Strike 0-1: Ball 1-1: Ball 2-1: Called Strike 2-2: Foul Ball, location: 2F 2-2: Foul Ball, location: 2F 2-2: Ball 3-2: Ground out 6-3 (Groundball, 6, EV 100.6 MPH)
|
|
Batting: RHB Tyler West
|
0-0: SINGLE (Groundball, 4MD, EV 99.4 MPH)
|
|
Batting: LHB Rogelio Nunez
|
0-0: DOUBLE (Line Drive, 7LM, EV 103.1 MPH) Tyler West to third
|
|
Batting: RHB Ruben Luis
|
0-0: Ground out U3 (Groundball, 3S, EV 80.6 MPH)
|
|
Batting: RHB Justin Blount
|
0-0: Ball 1-0: Foul Ball, location: 2F 1-1: Called Strike 1-2: Ground out 5-3 (Groundball, 56S, EV 83.8 MPH)
|
| Top of the 2nd over - 0 runs, 2 hits, 0 errors, 2 left on base; Tri-City 0 - State College 0 |
| BOTTOM OF THE 2ND |
|
State College Spikes batting - Pitching for Tri-City Dust Devils : LHP Juan Lopez
|
|
Batting: RHB John Gibbs
|
0-0: Hit by Pitch
|
|
Batting: RHB Immel Kamuzu
|
0-0: Ball 1-0: SINGLE (Groundball, 56D, EV 94.4 MPH) John Gibbs to second
|
|
Batting: RHB Justin Reich
|
0-0: Ball Passed Ball! John Gibbs to third Immel Kamuzu to second 1-0: Ball 2-0: Ball 3-0: Base on Balls
|
|
Batting: RHB Pat Reprogle
|
0-0: Fielders Choice at 2nd, 4-6 (Groundball, 4, EV 104.4 MPH) John Gibbs scores Immel Kamuzu to third
|
|
Batting: LHB Adam Eisen
|
0-0: Called Strike 0-1: Called Strike 0-2: SINGLE (Line Drive, 5D, EV 96.9 MPH) Immel Kamuzu scores Pat Reprogle to second
|
|
Batting: RHB Ray Souza
|
0-0: Grounds into double play, 4-6-3 (Groundball, 4, EV 86.3 MPH)
|
| Bottom of the 2nd over - 2 runs, 2 hits, 0 errors, 1 left on base; Tri-City 0 - State College 2 |
| TOP OF THE 3RD |
|
Tri-City Dust Devils batting - Pitching for State College Spikes : LHP John Fisher
|
|
Batting: SHB Yutaro Takahashi
|
0-0: Called Strike 0-1: Ball 1-1: Ball 2-1: Ball 3-1: Foul Ball, location: 2F 3-2: Base on Balls
|
|
Batting: LHB Sammy Roddenberry
|
0-0: Ball 1-0: Called Strike 1-1: Swinging Strike 1-2: Ball 2-2: Strikes out swinging
|
|
Batting: RHB Antonio Lara
|
0-0: Ball Yutaro Takahashi is caught stealing 2nd base 2-4 1-0: Swinging Strike 1-1: Called Strike 1-2: Foul Ball, location: 2F 1-2: Strikes out swinging
|
| Top of the 3rd over - 0 runs, 0 hits, 0 errors, 0 left on base; Tri-City 0 - State College 2 |
| BOTTOM OF THE 3RD |
|
State College Spikes batting - Pitching for Tri-City Dust Devils : LHP Juan Lopez
|
|
Batting: RHB Mario Mendoza
|
0-0: Foul Ball, location: 2F 0-1: Ball 1-1: Ball 2-1: Called Strike 2-2: Ball 3-2: Base on Balls
|
|
Batting: RHB Tim Cleary
|
0-0: Ball 1-0: Swinging Strike 1-1: Fly out, F8 (Flyball, 8LD, EV 91.3 MPH)
|
|
Batting: RHB Josh Broome
|
0-0: Ball 1-0: Called Strike 1-1: Ball 2-1: Ball 3-1: Foul Ball, location: 2F 3-2: Fielders Choice at 2nd, 4-6 (Groundball, 4M, EV 111.9 MPH)
|
|
Batting: RHB John Gibbs
|
0-0: Called Strike 0-1: Ball Josh Broome steals 2nd base 1-1: Ball 2-1: Ball 3-1: Foul Ball, location: 2F 3-2: Foul Ball, location: 2F 3-2: Ground out 5-3 (Groundball, 56S, EV 63.1 MPH)
|
| Bottom of the 3rd over - 0 runs, 0 hits, 0 errors, 1 left on base; Tri-City 0 - State College 2 |
| TOP OF THE 4TH |
|
Tri-City Dust Devils batting - Pitching for State College Spikes : LHP John Fisher
|
|
Batting: RHB Tom Tate
|
0-0: Called Strike 0-1: Swinging Strike 0-2: Ball 1-2: Foul Ball, location: 2F 1-2: Ball 2-2: Ball 3-2: Strikes out swinging
|
|
Batting: RHB Jaden Scott
|
0-0: Ball 1-0: Called Strike 1-1: SOLO HOME RUN (Flyball, 7D, EV 99.4 MPH), Distance : 402 ft
|
|
Batting: RHB Tyler West
|
0-0: Ball 1-0: Called Strike 1-1: Ball 2-1: Ball 3-1: Base on Balls
|
|
Batting: LHB Rogelio Nunez
|
0-0: Swinging Strike 0-1: Ball 1-1: Ball 2-1: Called Strike 2-2: Ball 3-2: Strikes out swinging
|
|
Batting: RHB Ruben Luis
|
0-0: Ball 1-0: Foul Ball, location: 2F 1-1: Ground out U3 (Groundball, 3S, EV 70.6 MPH)
|
| Top of the 4th over - 1 run, 1 hit, 0 errors, 1 left on base; Tri-City 1 - State College 2 |
| BOTTOM OF THE 4TH |
|
State College Spikes batting - Pitching for Tri-City Dust Devils : LHP Juan Lopez
|
|
Pitching: LHP Kenny Cohn
|
|
|
Batting: RHB Immel Kamuzu
|
0-0: Called Strike 0-1: Ground out U3 (Groundball, 3, EV 106.9 MPH)
|
|
Batting: RHB Justin Reich
|
0-0: Ball 1-0: Ball 2-0: Swinging Strike 2-1: Swinging Strike 2-2: Foul Ball, location: 2F 2-2: Foul Ball, location: 2F 2-2: Ball 3-2: Foul Ball, location: 2F 3-2: Base on Balls
|
|
Batting: RHB Pat Reprogle
|
0-0: Foul Ball, location: 2F 0-1: Called Strike 0-2: Ball 1-2: Ball 2-2: Ball 3-2: Fly out, F7 (Flyball, 78M, EV 84.4 MPH)
|
|
Batting: LHB Adam Eisen
|
0-0: Foul Ball, location: 2F 0-1: Called Strike 0-2: Ball 1-2: SINGLE (Groundball, 34, EV 83.8 MPH) (infield hit) Justin Reich to second
|
|
Batting: RHB Ray Souza
|
0-0: SINGLE (Groundball, 56D, EV 98.1 MPH) Justin Reich to third Adam Eisen to second Runner from 3rd tries for Home, SAFE, throw by LF to home
|
|
Batting: RHB Mario Mendoza
|
0-0: Called Strike Adam Eisen steals 3rd, throwing error, E2 Adam Eisen scores Ray Souza to third 0-1: Called Strike 0-2: Foul Ball, location: 2F 0-2: Ball 1-2: Foul Ball, location: 2F 1-2: Ground out 5-3 (Groundball, 56, EV 86.3 MPH)
|
| Bottom of the 4th over - 2 runs, 2 hits, 1 error, 1 left on base; Tri-City 1 - State College 4 |
| TOP OF THE 5TH |
|
Tri-City Dust Devils batting - Pitching for State College Spikes : LHP John Fisher
|
|
Batting: RHB Justin Blount
|
0-0: Ball 1-0: DOUBLE (Groundball, 5L, EV 105.0 MPH)
|
|
Pitching: RHP Ed Puentes
|
|
|
Batting: SHB Yutaro Takahashi
|
0-0: Foul Ball, location: 2F 0-1: Ball 1-1: Ball 2-1: Foul Ball, location: 2F 2-2: Foul Ball, location: 2F 2-2: Strikes out swinging
|
|
Batting: LHB Sammy Roddenberry
|
0-0: Ball 1-0: DOUBLE (Groundball, 5L, EV 100.6 MPH) Justin Blount scores
|
|
Batting: RHB Antonio Lara
|
0-0: Fly out, F8 (Flyball, 8LM, EV 83.8 MPH)
|
|
Batting: RHB Tom Tate
|
0-0: Ball 1-0: Called Strike 1-1: Ball 2-1: Ball 3-1: Called Strike 3-2: Fly out, F4 (Line Drive, 4, EV 75.6 MPH)
|
| Top of the 5th over - 1 run, 2 hits, 0 errors, 1 left on base; Tri-City 2 - State College 4 |
| BOTTOM OF THE 5TH |
|
State College Spikes batting - Pitching for Tri-City Dust Devils : LHP Kenny Cohn
|
|
Batting: RHB Tim Cleary
|
0-0: Ball 1-0: Reached on error, E6 (Groundball, 6S, EV 86.9 MPH)
|
|
Batting: RHB Josh Broome
|
0-0: Fly out, F5 (Popup, 5SF, EV 79.4 MPH)
|
|
Batting: RHB John Gibbs
|
0-0: Called Strike Tim Cleary steals 3rd base (no throw) 0-1: Ball 1-1: Called Strike 1-2: Foul Ball, location: 2F 1-2: Ground out 6-3 (Groundball, 6, EV 84.4 MPH)
|
|
Batting: RHB Immel Kamuzu
|
0-0: Called Strike 0-1: SINGLE (Groundball, 5S, EV 63.8 MPH) (infield hit) Tim Cleary scores
|
|
Batting: RHB Justin Reich
|
0-0: Foul Ball, location: 2F 0-1: Swinging Strike 0-2: Ball 1-2: Ball 2-2: Ball 3-2: Base on Balls Immel Kamuzu to second
|
|
Pitching: RHP Roger Brennan
|
|
|
Batting: RHB Pat Reprogle
|
0-0: Called Strike 0-1: Ball 1-1: Swinging Strike 1-2: Ball 2-2: Ball 3-2: Strikes out swinging
|
| Bottom of the 5th over - 1 run, 1 hit, 1 error, 2 left on base; Tri-City 2 - State College 5 |
| TOP OF THE 6TH |
|
Tri-City Dust Devils batting - Pitching for State College Spikes : RHP Ed Puentes
|
|
Batting: RHB Jaden Scott
|
0-0: Ball 1-0: Foul Ball, location: 2F 1-1: Foul Ball, location: 2F 1-2: Strikes out swinging
|
|
Batting: RHB Tyler West
|
0-0: Fly out, F8 (Flyball, 8RM, EV 85.0 MPH)
|
|
Batting: LHB Rogelio Nunez
|
0-0: Foul Ball, location: 2F 0-1: Foul Ball, location: 2F 0-2: Ball 1-2: Foul Ball, location: 2F 1-2: Strikes out looking
|
| Top of the 6th over - 0 runs, 0 hits, 0 errors, 0 left on base; Tri-City 2 - State College 5 |
| BOTTOM OF THE 6TH |
|
State College Spikes batting - Pitching for Tri-City Dust Devils : RHP Roger Brennan
|
|
Batting: LHB Adam Eisen
|
0-0: Called Strike 0-1: SINGLE (Line Drive, 56D, EV 95.0 MPH)
|
|
Batting: RHB Ray Souza
|
0-0: Ball Adam Eisen steals 2nd base 1-0: Foul Ball, location: 2F 1-1: Swinging Strike 1-2: Strikes out swinging
|
|
Batting: RHB Mario Mendoza
|
0-0: Ball Adam Eisen steals 3rd base (no throw) 1-0: Called Strike 1-1: Ball 2-1: Ground out 6-3 (Groundball, 56, EV 82.5 MPH)
|
|
Batting: RHB Tim Cleary
|
0-0: Foul Ball, location: 2F 0-1: Foul Ball, location: 2F 0-2: Strikes out looking
|
| Bottom of the 6th over - 0 runs, 1 hit, 0 errors, 1 left on base; Tri-City 2 - State College 5 |
| TOP OF THE 7TH |
|
Tri-City Dust Devils batting - Pitching for State College Spikes : RHP Ed Puentes
|
|
Batting: RHB Ruben Luis
|
0-0: Ball 1-0: Ball 2-0: Foul Ball, location: 2F 2-1: Foul Ball, location: 2F 2-2: Ball 3-2: Strikes out swinging
|
|
Batting: RHB Justin Blount
|
0-0: Swinging Strike 0-1: Called Strike 0-2: Ground out U3 (Groundball, 3, EV 86.3 MPH)
|
|
Batting: SHB Yutaro Takahashi
|
0-0: Called Strike 0-1: Called Strike 0-2: Ball 1-2: Strikes out swinging
|
| Top of the 7th over - 0 runs, 0 hits, 0 errors, 0 left on base; Tri-City 2 - State College 5 |
| BOTTOM OF THE 7TH |
|
State College Spikes batting - Pitching for Tri-City Dust Devils : RHP Roger Brennan
|
|
Batting: RHB Josh Broome
|
0-0: SINGLE (Groundball, 4MD, EV 78.1 MPH) (infield hit)
|
|
Batting: RHB John Gibbs
|
0-0: Ball 1-0: Ball Josh Broome is caught stealing 2nd base 2-4 2-0: Ball 3-0: Called Strike 3-1: Ground out 6-3 (Groundball, 6, EV 86.9 MPH)
|
|
Batting: RHB Immel Kamuzu
|
0-0: Ball 1-0: Fly out, F7 (Flyball, 78M, EV 94.4 MPH)
|
| Bottom of the 7th over - 0 runs, 1 hit, 0 errors, 0 left on base; Tri-City 2 - State College 5 |
| TOP OF THE 8TH |
|
Tri-City Dust Devils batting - Pitching for State College Spikes : RHP Ed Puentes
|
|
Pitching: RHP Rodriguo Persoa
|
|
|
Batting: LHB Sammy Roddenberry
|
0-0: Called Strike 0-1: Ball 1-1: Foul Ball, location: 2F 1-2: Foul Ball, location: 2F 1-2: Ball 2-2: Ball 3-2: Foul Ball, location: 2F 3-2: SINGLE (Groundball, 34D, EV 98.8 MPH)
|
|
Batting: RHB Antonio Lara
|
0-0: Ball 1-0: Ball 2-0: Foul Ball, location: 2F 2-1: Swinging Strike 2-2: Strikes out swinging
|
|
Batting: LHB Roger Duque
|
0-0: Called Strike 0-1: Fielders Choice at 2nd, 6-4 (Groundball, 6, EV 85.6 MPH)
|
|
Batting: RHB Jaden Scott
|
0-0: Called Strike 0-1: Ball 1-1: Foul Ball, location: 2F 1-2: Strikes out swinging
|
| Top of the 8th over - 0 runs, 1 hit, 0 errors, 1 left on base; Tri-City 2 - State College 5 |
| BOTTOM OF THE 8TH |
|
State College Spikes batting - Pitching for Tri-City Dust Devils : RHP Roger Brennan
|
|
Pitching: RHP Nick Goodlow
|
|
|
Batting: RHB Justin Reich
|
0-0: Called Strike 0-1: Foul Ball, location: 2F 0-2: Foul Ball, location: 2F 0-2: Fly out, F9 (Flyball, 9, EV 79.4 MPH)
|
|
Batting: RHB Pat Reprogle
|
0-0: Swinging Strike 0-1: SINGLE (Line Drive, 8RS, EV 105.0 MPH)
|
|
Batting: LHB Adam Eisen
|
0-0: Called Strike 0-1: Foul Ball, location: 2F 0-2: Foul Ball, location: 2F 0-2: Ball 1-2: Ball 2-2: Strikes out swinging
|
|
Batting: RHB Ray Souza
|
0-0: Ball 1-0: Fielders Choice at 2nd, U6 (Groundball, 6M, EV 77.5 MPH)
|
| Bottom of the 8th over - 0 runs, 1 hit, 0 errors, 1 left on base; Tri-City 2 - State College 5 |
| TOP OF THE 9TH |
|
Tri-City Dust Devils batting - Pitching for State College Spikes : RHP Rodriguo Persoa
|
|
Pitching: LHP Nick Suggett
|
|
|
Batting: RHB Tyler West
|
0-0: Swinging Strike 0-1: Ground out 6-3 (Groundball, 56, EV 99.4 MPH)
|
|
Pinch Hitting: RHB Melvin Villagomez
|
0-0: Foul Ball, location: 2F 0-1: Swinging Strike 0-2: Strikes out swinging
|
|
Batting: RHB Ruben Luis
|
0-0: Called Strike 0-1: SINGLE (Groundball, 6MD, EV 99.4 MPH)
|
|
Batting: RHB Justin Blount
|
0-0: Ball 1-0: Ball 2-0: Ball 3-0: Base on Balls Ruben Luis to second
|
|
Batting: SHB Yutaro Takahashi
|
0-0: Ball 1-0: Ball 2-0: Ball 3-0: Called Strike 3-1: Called Strike 3-2: Foul Ball, location: 2F 3-2: Fly out, F4 (Popup, 4D, EV 60.6 MPH)
|
| Top of the 9th over - 0 runs, 1 hit, 0 errors, 2 left on base; Tri-City 2 - State College 5 |
|